 Dungeon Crawl Stone Soup version 0.31-a0-544-gceb718ecc6 (webtiles) character file.

Game seed: 8149596274517628957

127236 Pooter the Severer (level 16, -10/152 HPs)
             Began as a Minotaur Berserker on Aug 15, 2023.
             Was a High Priest of Trog.
             Mangled by Norris
             ... wielding a +2 broad axe of holy wrath
              (28 damage)
             ... on level 3 of the Elven Halls on Aug 16, 2023.
             The game lasted 02:41:03 (40352 turns).

Pooter the Severer (Minotaur Berserker)            Turns: 40352, Time: 02:41:04

Health: -10/152    AC: 26    Str: 32    XL:     16   Next: 45%
Magic:  15/15      EV: 15    Int:  6    God:    Trog [*****.]
Gold:   1584       SH:  0    Dex: 19    Spells: 15/15 levels left

rFire   + + .        a - +2 battleaxe (heavy)
rCold   + . .        (shield currently unavailable)
rNeg    . . .        U - +6 chain mail "Mibb" {Rampage Dex+2}
rPois   .            p - +2 hat
rElec   +            L - +2 cloak of the Unbroken {rElec Int+2 SInv}
rCorr   .            X - +0 pair of gloves
SInv    +            Z - +2 pair of boots {Stlth+}
Will    +++..        B - amulet of the acrobat
Stlth   +            V - ring "Weap" {rF+ rC+ Str+3 Dex+6}
HPRegen 1.45/turn    F - ring of protection from fire
MPRegen 0.14/turn

%: acrobat, rampage
@: strong-willed, on berserk cooldown, regenerating, slowed, studying Fighting,
very slow
A: horns 2, retaliatory headbutt
a: Renounce Religion, Berserk, Trog's Hand, Brothers in Arms


You were on level 3 of the Elven Halls.
You worshipped Trog.
Trog was extremely pleased with you.
You visited 4 branches of the dungeon, and saw 25 of its levels.
You also visited: Sewer, Ossuary and Gauntlet.

You collected 2759 gold pieces.
You spent 1175 gold pieces at shops.

Inventory:

Hand Weapons
 a - a +2 heavy battleaxe (weapon)
   (Trog gifted it to you on level 2 of the Elven Halls)
 b - the +9 orcbow "Spiderslayer" {freeze, rN+ Int+3}
   (You found it in a Gauntlet)

   Int+3:     It affects your intelligence (+3).
   rN+:       It protects you from negative energy.
 s - a +2 longbow of flaming
   (You took it off Nessos on level 2 of the Orcish Mines)
 D - the +8 war axe of Righteous Fury {holy, rF+ rC+ rCorr Int-4}
   (You took it off a minotaur in a Gauntlet)

   Int-4:     It affects your intelligence (-4).
   rF+:       It protects you from fire.
   rC+:       It protects you from cold.
   rCorr:     It protects you from acid and corrosion.
 E - the +5 battleaxe of Pinaewi {flame, *Slow rF+++ Str-4 Dex+4}
   (You found it on level 4 of the Lair of Beasts)

   Str-4:     It affects your strength (-4).
   Dex+4:     It affects your dexterity (+4).
   rF+++:     It renders you almost immune to fire.
   *Slow:     It may slow you when you take damage.
 G - the +6 scimitar of Cepos {flame, rF+ Int+3}
   (You found it on level 7 of the Dungeon)

   Int+3:     It affects your intelligence (+3).
   rF+:       It protects you from fire.
 M - a +0 broad axe of draining
   (You found it on level 2 of the Lair of Beasts)
 N - a +2 heavy halberd
   (You took it off a gnoll on level 8 of the Dungeon)
Missiles
 q - 26 boomerangs (quivered)
 J - 4 curare-tipped darts
 Q - 5 javelins
Armour
 p - a +2 hat (worn)
   (You found it on level 3 of the Dungeon)
 w - a +1 cloak of preservation
   (You found it in a Gauntlet)
 L - the +2 cloak of the Unbroken (worn) {rElec Int+2 SInv}
   (You found it on level 5 of the Dungeon)

   Int+2:     It affects your intelligence (+2).
   rElec:     It insulates you from electricity.
   SInv:      It lets you see invisible.
 U - the +6 chain mail "Mibb" (worn) {Rampage Dex+2}
   (You found it on level 3 of the Lair of Beasts)

   Dex+2:     It affects your dexterity (+2).
   Rampage:   It bestows one free step when moving towards enemies.
 X - a +0 pair of gloves (worn)
   (You found it on level 15 of the Dungeon)
 Y - a +4 plate armour of willpower
   (You found it in a Gauntlet)
 Z - a +2 pair of boots of stealth (worn)
   (You found it in a Gauntlet)
Jewellery
 B - an amulet of the acrobat (around neck)
   (You took it off a kobold on level 9 of the Dungeon)
 C - a ring of resist corrosion
   (You took it off a kobold on level 9 of the Dungeon)
 F - a ring of protection from fire (right hand)
   (You bought it in a shop on level 1 of the Orcish Mines)
 I - a ring of protection from cold
   (You took it off a gnoll bouda on level 8 of the Dungeon)
 P - a ring of poison resistance
   (You found it on level 9 of the Dungeon)
 S - a ring of see invisible
   (You bought it in a shop on level 1 of the Orcish Mines)
 V - the ring "Weap" (left hand) {rF+ rC+ Str+3 Dex+6}
   (You acquired it on level 3 of the Lair of Beasts)

   [ring of dexterity]

   Str+3:     It affects your strength (+3).
   Dex+6:     It affects your dexterity (+6).
   rF+:       It protects you from fire.
   rC+:       It protects you from cold.
 W - a ring of flight
   (You bought it in a shop on level 2 of the Elven Halls)
Wands
 f - a wand of flame (33)
   (You took it off a kobold brigand on level 8 of the Dungeon)
 j - a wand of polymorph (11)
   (You found it on level 6 of the Dungeon)
 m - a wand of mindburst (10)
   (You found it on level 6 of the Dungeon)
 u - a wand of paralysis (7)
   (You found it on level 6 of the Dungeon)
 x - a wand of acid (15)
   (You found it on level 9 of the Dungeon)
Scrolls
 e - 5 scrolls of fear
 h - 4 scrolls of butterflies
 i - 7 scrolls of identify {@r1}
 l - 9 scrolls of revelation
 n - 3 scrolls of poison {!r}
 t - 13 scrolls of teleportation {@r4}
 v - 4 scrolls of noise {!r}
 y - 3 scrolls of immolation {!r}
 K - 2 scrolls of blinking
 O - 2 scrolls of fog
Potions
 c - a potion of haste {@q3}
 d - 10 potions of heal wounds {@q2}
 g - a potion of cancellation
 k - 13 potions of curing {@q1}
 r - 4 potions of lignification {!q}
 z - 8 potions of enlightenment
 A - a potion of invisibility
 H - 3 potions of attraction {!q}
 R - 2 potions of resistance
 T - 3 potions of ambrosia
Miscellaneous
 o - a tin of tremorstones (2/2)
   (You found it on level 3 of the Lair of Beasts)


   Skills:
 + Level 16.6 Fighting
 - Level 20.0 Axes
 - Level 16.0 Ranged Weapons
 + Level 8.3 Throwing
 + Level 7.8 Armour
 + Level 9.6 Dodging
 + Level 5.1 Stealth
 - Level 1.5 Shields
 + Level 7.4 Evocations


You had 15 spell levels left.
You didn't know any spells.
Your spell library was empty.

Dungeon Overview and Level Annotations

Branches:
Dungeon (15/15) Zot: 25148  Temple (0/1) D:7            Lair (5/5) D:9 Zot: 20181
 Shoals (0/4) Lair:3       Spider (0/4) Lair:2        Slime (0/5) Lair:4
    Orc (2/2) D:10 Zot: 7377     Elf (3/3) Orc:2 Zot: 13790  Vaults (0/5) D:14
 Depths (0/4) D:15          Sewer (visited)         Ossuary (visited)
Gauntlet (visited)

Altars:
Ashenzari
Elyvilon
Makhleb
Qazlal
Trog
Wu Jian
Xom
The Shining One

Shops:
D:8 :   D:10 [   D:12 *   Orc:1 =   Orc:2 =[(?(   Elf:1 *   Elf:2 ==:

Portals:
Hell: Lair:5

Annotations:
Elf:2 5 runed translucent doors
Elf:3 Norris


Innate Abilities, Weirdness & Mutations

You have a pair of horns on your head.
You reflexively headbutt those who attack you in melee.


Message History

You are no longer berserk.
You are exhausted.
You feel yourself slow down.
Your unstable footing causes you to fumble your attack.
The skyshark bites you.
The skyshark tastes blood and grows stronger!
The skyshark barely misses you. The skyshark closely misses you.
You feel better.
Norris invokes the aid of his god against you.
Something tries to feed on your intellect!
The skyshark misses you. The skyshark tail-slaps you!
The skyshark tail-slaps you.
The deep elf sorcerer hits you but does no damage.
The deep elf elementalist gestures wildly while chanting.
The deep elf elementalist seems to speed up.
Norris hits you with a +2 broad axe of holy wrath!
The deep elf elementalist gestures next to you while chanting.
The wall shatters!
The blast of rock fragments hits you!!
Norris's watery aura covers the escape hatch in the ceiling.
Splash!
You fall into the shallow water.
Moving in this stuff is going to be slow.
The deep elf sorcerer splashes around in the water.
You cut the deep elf sorcerer into ribbons!!!
Your headbutt misses the deep elf sorcerer.
You slice Norris!!
The deep elf sorcerer hits you but does no damage.
Norris barely misses you.
The deep elf sorcerer shouts, "You are history!"
The deep elf sorcerer hits you but does no damage.
Norris hits you with a +2 broad axe of holy wrath!!
* * * LOW HITPOINT WARNING * * *
Your unstable footing causes you to fumble your attack.
The deep elf sorcerer hits you but does no damage. x2
Norris hits you with a +2 broad axe of holy wrath!!
* * * LOW HITPOINT WARNING * * *
The deep elf sorcerer hits you with a +0 dagger.
* * * LOW HITPOINT WARNING * * *
Your unstable footing causes you to fumble your attack.
The deep elf elementalist casts a spell next to you.
The wall shatters!
The blast of rock fragments hits you!
* * * LOW HITPOINT WARNING * * *
The blast of rock fragments hits Norris!!
The deep elf sorcerer splashes around in the water.
Norris hits you with a +2 broad axe of holy wrath!
* * * LOW HITPOINT WARNING * * *
The deep elf sorcerer points at you and mumbles some strange words.
The bolt of acid misses you.
Norris hits you with a +2 broad axe of holy wrath!!
You die...

##....###..#####..### #..### ##*
##.#..............# #.## ..#*
#...[########...## #..### ...*
#.#.#.## ##.#### #....# ...*
#.#.)#.####.## ##....# ...*
##.#.#.#)##)## ##......
...###....##.#..## ##.##....
**#.##...#####..## ##.####...
##....##.⌠.###@#######.## #...~
#....#.....#@#e[...#.## ##..~~ #
#..[.#⌠.<.⌠##~e)....## #..~.# ##
#.#..#.))[.##~~).....####~~~.# .#
#.#..##)).##..........###@~###
###########)###.#######...e~e####
#.....###..)))###.,...######~~###
.#####.#.#.).#.#.#####.#####....#
.......#.#...#.#)......'.###....#


You could see Norris, a deep elf sorcerer (fast) and a deep elf elementalist
(fast, repels missiles).

Vanquished Creatures
  The ghost of Renyugh the Severer, a journeyman MiFi of the Shining One (D:15)
  A deep elf elementalist (Elf:1)
  The ghost of Bekuax the Gelid, a journeyman MfIE of Gozag (Lair:4)
  A stone giant (D:15)
  Nessos (Orc:2)
  3 deep elf demonologists
  Azrael (D:15)
  A minotaur (Gauntlet)
  3 deep elf death magi
  An ettin (Orc:1)
  A fire dragon (Lair:3)
  4 hydras
  An entropy weaver (D:14)
  An ice dragon (Lair:4)
  Erica (Lair:1)
  A peacekeeper (D:14)
  8 centaur warriors
  2 catoblepae
  6 boulder beetles
  9 two-headed ogres
  A tengu warrior (D:15)
  8 dancing weapons
  Nergalle (D:10)
  A sun demon (Gauntlet)
  5 skysharks
  14 deep elf knights
  A sixfirhy (Lair:5)
  A deep troll (D:15)
  12 deep elf archers
  3 wizards
  5 orc knights
  19 deep elf zephyrmancers
  2 necromancers (Elf:1)
  Pikel (D:5)
  24 deep elf pyromancers
  2 cyclopes
  An orc sorcerer (Elf:2)
  A wolf spider (Lair:2)
  9 ugly things
  2 moths of wrath (D:15)
  6 large abominations
  2 manticores
  3 black mambas
  An orange demon (Lair:5)
  A merfolk siren (Lair:3)
  A gargoyle (D:9)
  9 cane toads
  An unseen horror (D:11)
  5 rime drakes
  A hellion (Gauntlet)
  8 komodo dragons
  3 kobold demonologists
  3 ice devils (Lair:5)
  2 red devils (Lair:5)
  8 trolls
  A hellwing (Lair:5)
  Prince Ribbit (D:9)
  8 dream sheep (Lair:4)
  17 blink frogs
  An air elemental (Elf:3)
  3 slime creatures (D:12)
  A culicivora (Lair:2)
  2 shadows (D:12)
  6 wyverns
  2 centaur simulacra (D:14)
  28 yaks
  4 wraiths
  2 water elementals (Elf:3)
  Eustachio (D:5)
  4 fire elementals
  4 basilisks
  A human (shapeshifter) (D:13)
  A redback (Lair:2)
  3 vampire mosquitoes (D:12)
  A steam dragon (D:10)
  9 wargs
  3 acid dragons
  27 water moccasins
  7 hell hounds
  32 orc warriors
  A sky beast (D:5)
  4 black bears
  4 ice beasts
  9 wolves (Lair:2)
  9 ogres
  14 centaurs
  A lemure (D:5)
  4 elf zombies
  6 kobold brigands
  8 bullfrogs
  2 scorpions
  8 gnoll sergeants
  3 earth elementals
  7 wights
  6 small abominations (Gauntlet)
  4 killer bees (D:10)
  17 howler monkeys
  7 electric eels
  11 hounds
  19 orc priests
  A human zombie (Ossuary)
  2 gnoll boudas
  A jelly (D:6)
  Terence (D:2)
  2 iguanas (D:5)
  21 orc wizards
  3 hound zombies (Ossuary)
  5 mummies
  20 gnolls
  9 adders
  A white imp (Lair:4)
  An adder zombie (Ossuary)
  4 worms
  4 dart slugs
  82 orcs
  9 bats
  7 endoplasms
  8 giant cockroaches
  15 goblins
  7 hobgoblins
  7 jackals
  16 kobolds
  3 quokkas
  10 ball pythons
  5 frilled lizards
  3 gnoll zombies (Ossuary)
  A goblin zombie (Ossuary)
  A hobgoblin zombie (D:4)
  2 kobold zombies
  2 orc zombies (D:4)
  5 rats
  A rat zombie (Ossuary)
787 creatures vanquished.

Vanquished Creatures (collateral kills)
  A tengu warrior (D:15)
1 creature vanquished.

Vanquished Creatures (others)
  A deep elf knight (Elf:2)
  An orc priest (Orc:2)
  An orc (Orc:2)
3 creatures vanquished.

Grand Total: 791 creatures vanquished

Notes
Turn   | Place    | Note
-------+----------+-------------------------------------------
     0 | D:1      | Pooter the Minotaur Berserker began the quest for the Orb.
     0 | D:1      | Reached XP level 1. HP: 19/19 MP: 0/0
   203 | D:1      | Reached XP level 2. HP: 25/27 MP: 1/1
   215 | D:1      | Reached skill level 4 in Axes
   577 | D:1      | Reached XP level 3. HP: 32/33 MP: 2/2
   880 | D:1      | Reached ** piety under Trog
  1469 | D:2      | Reached XP level 4. HP: 40/40 MP: 3/3
  1524 | D:2      | Reached skill level 1 in Ranged Weapons
  1616 | D:2      | Identified the +1 robe "Daseom" {Will+ SInv}
  1781 | D:2      | Noticed Terence
  1792 | D:2      | Killed Terence
  1793 | D:2      | Reached skill level 5 in Axes
  2168 | D:2      | Reached XP level 5. HP: 47/47 MP: 4/4
  2426 | D:3      | Found a shimmering altar of Xom.
  2429 | D:3      | Found a broken altar of Ashenzari.
  2444 | D:3      | Found a white marble altar of Elyvilon.
  2447 | D:3      | Found an ornate altar of the Wu Jian Council.
  2708 | D:3      | Reached *** piety under Trog
  2729 | D:3      | You fall into a shaft and drop 1 floor!
  2910 | D:4      | Found a glowing drain.
  2924 | Sewer    | Entered a sewer
  2980 | Sewer    | Noticed a water moccasin
  2985 | Sewer    | Killed a water moccasin
  2986 | Sewer    | Reached skill level 6 in Axes
  2986 | Sewer    | Reached XP level 6. HP: 55/55 MP: 5/5
  3141 | D:4      | Reached skill level 5 in Fighting
  4663 | D:5      | Entered Level 5 of the Dungeon
  4714 | D:5      | Reached XP level 7. HP: 61/61 MP: 6/6
  4789 | D:5      | Reached skill level 7 in Axes
  4980 | D:5      | Reached skill level 5 in Ranged Weapons
  5199 | D:5      | Noticed Pikel
  5210 | D:5      | Killed Pikel
  5211 | D:5      | Reached skill level 8 in Axes
  5211 | D:5      | Reached XP level 8. HP: 71/71 MP: 7/7
  5314 | D:5      | Noticed Eustachio
  5332 | D:5      | Killed Eustachio
  5333 | D:5      | Reached skill level 9 in Axes
  5540 | D:5      | Identified the +2 cloak of the Unbroken {rElec Int+2 SInv}
  6031 | D:6      | Reached XP level 9. HP: 79/79 MP: 8/8
  6154 | D:6      | Reached skill level 10 in Axes
  6536 | D:7      | Identified the +6 scimitar of Cepos {flame, rF+ Int+3}
  6545 | D:7      | Found a sand-covered staircase.
  6555 | Ossuary  | Entered an ossuary
  6867 | D:7      | Found a staircase to the Ecumenical Temple.
  7387 | D:8      | Reached **** piety under Trog
  7414 | D:8      | Reached skill level 11 in Axes
  7886 | D:8      | Reached XP level 10. HP: 90/90 MP: 9/9
  8295 | D:8      | Reached skill level 10 in Ranged Weapons
  8332 | D:8      | Reached skill level 12 in Axes
  8550 | D:8      | Found Haenauh's Book Shoppe.
  8998 | D:8      | Reached skill level 13 in Axes
 12170 | D:9      | Reached XP level 11. HP: 86/99 MP: 10/10
 12345 | D:9      | Noticed a two-headed ogre
 12370 | D:9      | Killed a two-headed ogre
 12371 | D:9      | Reached skill level 10 in Fighting
 12532 | D:9      | Found a staircase to the Lair.
 12972 | D:9      | Noticed Prince Ribbit
 12983 | D:9      | Killed Prince Ribbit
 13123 | D:9      | Noticed a two-headed ogre
 13132 | D:9      | Killed a two-headed ogre
 13463 | D:10     | Entered Level 10 of the Dungeon
 13493 | D:10     | Noticed Nergalle
 13505 | D:10     | Killed Nergalle
 13506 | D:10     | Reached skill level 14 in Axes
 13825 | D:10     | Found a stormy altar of Qazlal.
 13841 | D:10     | Found a glowing golden altar of the Shining One.
 14500 | D:10     | Found a staircase to the Orcish Mines.
 14578 | D:10     | Found Syoreuxi's Antique Armour Boutique.
 14669 | Lair:1   | Entered Level 1 of the Lair of Beasts
 15603 | Lair:1   | Noticed Erica
 15614 | Lair:1   | Killed Erica
 15615 | Lair:1   | Reached skill level 15 in Axes
 15762 | Lair:1   | Noticed a boulder beetle
 15787 | Lair:1   | Killed a boulder beetle
 15788 | Lair:1   | Reached XP level 12. HP: 79/110 MP: 11/11
 16497 | Lair:2   | Noticed a boulder beetle
 16522 | Lair:2   | Killed a boulder beetle
 16820 | Lair:2   | Noticed a catoblepas
 17228 | Lair:2   | Killed a catoblepas
 17232 | Lair:2   | Reached skill level 1 in Shields
 17335 | Lair:2   | Reached skill level 16 in Axes
 17335 | Lair:2   | Reached skill level 1 in Stealth
 17544 | Lair:2   | Found a hole to the Spider Nest.
 18072 | Lair:3   | Identified a scroll of acquirement
 18073 | Lair:3   | Acquired the ring "Weap" {rF+ rC+ Str+3 Dex+6}
 18137 | Lair:3   | Reached skill level 1 in Throwing
 18168 | Lair:3   | Reached skill level 1 in Evocations
 18444 | Lair:3   | Noticed a boulder beetle
 18460 | Lair:3   | Killed a boulder beetle
 18626 | Lair:3   | Noticed a fire dragon
 18642 | Lair:3   | Killed a fire dragon
 18722 | Lair:3   | Identified the +6 chain mail "Mibb" {Rampage Dex+2}
 19058 | Lair:3   | Found a staircase to the Shoals.
 19282 | Lair:4   | Reached XP level 13. HP: 118/118 MP: 12/12
 19914 | Lair:4   | Reached skill level 5 in Dodging
 20446 | Lair:4   | Found a staircase to the Slime Pits.
 20603 | Lair:4   | Reached skill level 17 in Axes
 20754 | Lair:4   | Found a runed translucent door.
 20754 | Lair:4   | Noticed Bekuax's ghost (journeyman MfIE)
 20773 | Lair:4   | Killed Bekuax's ghost
 20810 | Lair:4   | Identified the +5 battleaxe of Pinaewi {flame, *Slow rF+++
                  | Str-4 Dex+4}
 21709 | Lair:5   | Entered Level 5 of the Lair of Beasts
 22133 | Lair:5   | Found a bloodstained altar of Trog.
 23651 | Lair:5   | Found a burning altar of Makhleb.
 24231 | Lair:5   | Found a gateway to Hell.
 24238 | Lair:5   | Identified the +2 leather armour of a Labyrinth {Rampage
                  | rF+ rN+ Will+}
 24455 | Lair:5   | Reached skill level 18 in Axes
 24626 | Orc:1    | Entered Level 1 of the Orcish Mines
 25043 | Orc:1    | Reached skill level 5 in Throwing
 25431 | Orc:1    | Found Itom's Jewellery Emporium.
 25439 | Orc:1    | Bought a ring of see invisible for 180 gold pieces
 25441 | Orc:1    | Bought a ring of protection from fire for 300 gold pieces
 25569 | Orc:2    | Entered Level 2 of the Orcish Mines
 25569 | Orc:2    | Noticed an ettin
 25569 | Orc:2    | Found Ziggao's Weapon Emporium.
 25588 | Orc:1    | Killed an ettin
 25589 | Orc:1    | Reached XP level 14. HP: 37/129 MP: 13/13
 25816 | Orc:2    | Noticed Nessos
 26104 | Orc:2    | Killed Nessos
 26246 | Orc:2    | Found a staircase to the Elven Halls.
 27449 | Orc:2    | Reached ***** piety under Trog
 29144 | Orc:2    | Found Bimayngowush's Weapon Shoppe.
 29144 | Orc:2    | Found Fanijys's Armour Shop.
 29146 | Orc:2    | Found Nibrust's Jewellery Boutique.
 29148 | Orc:2    | Found Qoumeula's Magic Scroll Emporium.
 29160 | Orc:2    | Bought a scroll of identify for 30 gold pieces
 29160 | Orc:2    | Bought a scroll of teleportation for 45 gold pieces
 29160 | Orc:2    | Bought a scroll of teleportation for 45 gold pieces
 29160 | Orc:2    | Bought a scroll of revelation for 112 gold pieces
 29261 | D:11     | Found a gate leading to a gauntlet.
 29388 | D:11     | Reached skill level 5 in Evocations
 29471 | Gauntlet | Entered a Gauntlet
 29471 | Gauntlet | Found a transporter.
 29505 | Gauntlet | Found a transporter.
 29528 | Gauntlet | Found a runed translucent gate.
 29529 | Gauntlet | Found a transporter.
 29534 | Gauntlet | Found a runed translucent gate.
 29535 | Gauntlet | Found a runed translucent gate.
 29544 | Gauntlet | Found a transporter.
 29547 | Gauntlet | Found a transporter.
 29548 | Gauntlet | Found a transporter.
 29567 | Gauntlet | Found a transporter.
 29637 | Gauntlet | Found a transporter.
 29647 | Gauntlet | Found a transporter.
 29703 | Gauntlet | Identified the +1 pair of boots of Jocular Amelioration
                  | {rC+}
 29719 | Gauntlet | Identified the +8 war axe of Righteous Fury {holy, rF+ rC+
                  | rCorr Int-4}
 29719 | Gauntlet | Found the +4 Cigotuvi's embrace {Corpsefed rMiasma Drain
                  | rN+}
 29864 | Gauntlet | Identified the +9 orcbow "Spiderslayer" {freeze, rN+ Int+3}
 31205 | D:12     | Found Neost's General Store.
 31210 | D:12     | Bought a scroll of identify for 26 gold pieces
 31210 | D:12     | Bought a wand of flame (2) for 18 gold pieces
 31210 | D:12     | Bought a scroll of teleportation for 39 gold pieces
 31210 | D:12     | Bought a potion of enlightenment for 65 gold pieces
 31296 | D:12     | Reached skill level 19 in Axes
 33577 | D:14     | Found a gate to the Vaults.
 34244 | D:15     | Entered Level 15 of the Dungeon
 35145 | D:15     | Found a staircase to the Depths.
 35182 | D:15     | Noticed a stone giant
 35190 | D:15     | Killed a stone giant
 35451 | D:15     | Noticed Azrael
 35465 | D:15     | Killed Azrael
 35466 | D:15     | Reached XP level 15. HP: 124/139 MP: 14/14
 35469 | D:15     | Reached skill level 5 in Armour
 35819 | D:15     | Noticed Renyugh's ghost (journeyman MiFi)
 35822 | D:15     | Found a transporter.
 35829 | D:15     | Found a bloodstained altar of Trog.
 35838 | D:15     | Found a transporter.
 35947 | D:15     | Reached skill level 15 in Fighting
 35956 | D:15     | Killed Renyugh's ghost
 36140 | Elf:1    | Entered Level 1 of the Elven Halls
 36250 | Elf:1    | Reached skill level 15 in Ranged Weapons
 36414 | Elf:1    | Found Aiomm's Alliterative Armaments.
 37614 | Elf:2    | Reached skill level 20 in Axes
 38421 | Elf:2    | Reached XP level 16. HP: 143/151 MP: 15/15
 38485 | Elf:2    | Reached ****** piety under Trog
 38493 | Elf:2    | Received a gift from Trog
 38812 | Elf:2    | Found Delaqauz's Book Shoppe.
 38812 | Elf:2    | Found Rojol's Jewellery Boutique.
 38813 | Elf:2    | Found Piq Vaj's Jewellery Boutique.
 38819 | Elf:2    | Bought a ring of flight for 315 gold pieces
 38861 | Elf:2    | Found a huge runed translucent gate.
 38861 | Elf:2    | Found a huge runed translucent gate.
 38861 | Elf:2    | Found a huge runed translucent gate.
 38861 | Elf:2    | Found a huge runed translucent gate.
 38862 | Elf:2    | Found a huge runed translucent gate.
 38981 | Elf:3    | Entered Level 3 of the Elven Halls
 38985 | Elf:3    | Noticed an Executioner
 39065 | Elf:3    | Noticed an Ice Fiend
 39425 | Elf:3    | Paralysed by an air elemental for 1 turns
 39649 | Elf:3    | Reached skill level 5 in Stealth
 40162 | Elf:3    | Noticed Norris
 40352 | Elf:3    | Mangled by Norris

Illustrated notes

Levels and vault maps discovered:
D:1:      zelgadis_glass_arrival_small, layout_loops_ring
D:2:      cheibrodos_greedy_goblins, layout_basic, roderic_filled_cross,
          minmay_misc_feat_nine_boxes, minmay_worlds_worst_comb, uniq_terence
D:3:      layout_rooms, grunt_temple_overflow_cloverleaf, fountainhead,
          minmay_misc_feat_plants
D:4:      layout_gridville, cheibrodos_sewer_entry_bend,
          hangedman_decor_growths, minmay_mini_ossuary
D:5:      layout_basic, minmay_fountain_box, uniq_pikel, uniq_eustachio
D:6:      layout_gridville, kennysheep_generic_room_15
D:7:      layout_cave_pools, minmay_temple_entry_large_hall,
          nicolae_ossuary_entry_plus
D:8:      lemuel_castle_with_subvaults [lemuel_castle_interior_carwin_2],
          layout_basic, serial_shops, nicolae_book_shop_shelving
D:9:      layout_grid_maze, david_lair_shrubbed, uniq_prince_ribbit1
D:10:     layout_cave_pools, nicolae_overflow_squiral,
          minmay_orc_entry_guard_dogs, serial_shops,
          nicolae_shop_rolling_square, lightli_orcish_oven, uniq_nergalle
D:11:     minmay_spotlight, layout_basic, gauntlet_entry_generic
D:12:     layout_cave_pods, serial_shops, kennysheep_little_box,
          serial_bayou_pond_a, grunt_decor_fettered
D:13:     layout_loops_ring
D:14:     layout_gridville, hellmonk_vaults_order_and_chaos,
          small_statue_alley_a
D:15:     grunt_enter_depths_giant_problem, layout_cave_pools,
          gammafunk_ghost_wrathful_warriors, uniq_azrael
Lair:1:   layout_small_grid, infiniplex_staircase_pool_2, grunt_megastairs_5,
          uniq_erica
Lair:2:   layout_cave_pods, spider_nest_entry_funnel_web, serial_bayou_shore_a,
          lemuel_fruit_tree, infiniplex_staircase_pool
Lair:3:   dragon1_lemuel, layout_regular_city,
          minmay_shoals_entry_lonely_mermaid
Lair:4:   layout_layer_cave, slime_entry_1, gammafunk_ghost_grave,
          bobbens_ice_dragon_lair
Lair:5:   evil_forest, layout_hall_layers, basic_altar
Orc:1:    layout_caves, serial_shops, nicolae_shop_peninsula, mines1_david
Orc:2:    st_orc_rangers, layout_caves, serial_shops,
          nicolae_shop_window_shopping, uniq_nessos
Elf:1:    minmay_elf_arrival_summoners, layout_onion_city,
          minmay_elf_necromancy, grunt_ministairs_4, monkooky_shop_alliterative
Elf:2:    elven_hall_of_blades_hangedman_alternative
          [nooodl_blade_entry_preview], layout_loops_corners, minmay_shop_grove
Elf:3:    minmay_elf_hall_furrowed, layout_rooms, grunt_megastairs_1,
          roderic_lattice_octagonal_star, uniq_norris

Skill      XL: |  1  2  3  4  5  6  7  8  9 10 11 12 13 14 15 16 |
---------------+-------------------------------------------------+-----
Axes           | 4 5 6 8 9 11 13 15 16 18 19 20 | 20.0
Fighting       | 4 5 6 7 8 9 11 12 13 14 15 16 | 16.6
Dodging        | 3 4 6 8 9 |  9.6
Ranged Weapons | 2 3 4 6 7 9 11 13 14 15 16 | 16.0
Armour         | 3 4 6 7 |  7.8
Shields        | 1 |  1.5
Stealth        | 1 2 4 5 |  5.1
Throwing       | 2 5 6 7 8 |  8.3
Evocations     | 2 4 5 6 7 |  7.4

Action                     |  1- 3 |  4- 6 |  7- 9 | 10-12 | 13-15 | 16-18 || total
---------------------------+-------+-------+-------+-------+-------+-------++-------
  Melee: Hand axe          |    85 |    74 |    68 |       |       |       ||   227
         Headbutt          |    11 |    11 |    23 |    81 |   112 |    20 ||   258
         Punch             |     1 |       |       |       |       |       ||     1
         War axe           |       |       |   103 |   460 |    58 |       ||   621
         Battleaxe         |       |       |       |       |   475 |    96 ||   571
   Fire: Sling             |    12 |   116 |   109 |   259 |    20 |       ||   516
         Shortbow          |       |       |       |       |   154 |       ||   154
         Orcbow            |       |       |       |       |   237 |    84 ||   321
         Longbow           |       |       |       |       |    42 |       ||    42
  Throw: Boomerang         |       |       |       |    24 |    11 |     1 ||    36
         Dart              |       |       |       |    13 |       |       ||    13
 Invoke: Berserk           |     4 |     2 |     6 |    14 |    12 |     4 ||    42
         Trog's Hand       |       |     1 |     7 |    27 |    22 |     4 ||    61
         Brothers in Arms  |       |       |       |       |     2 |       ||     2
  Evoke: Wand              |       |       |       |     7 |     9 |       ||    16
         Tin of tremorston |       |       |       |       |     2 |       ||     2
    Use: Scroll            |       |     9 |    14 |    13 |    14 |     1 ||    51
         Potion            |       |       |     1 |       |     5 |     2 ||     8
   Stab: Invisible         |       |       |       |       |     8 |       ||     8
         Sleeping          |       |       |       |       |     1 |       ||     1
 Armour: Animal skin       |    20 |       |       |       |       |       ||    20
         Robe              |       |    21 |    19 |       |       |       ||    40
         Chain mail        |       |       |    26 |    13 |   275 |    81 ||   395
         Plate armour      |       |       |    81 |   198 |       |       ||   279
  Dodge: Dodged            |    59 |    70 |   119 |   152 |   458 |    90 ||   948
  Block: Buckler           |     8 |    27 |    31 |    63 |     5 |       ||   134

Table legend: (Time is in decaauts)
 A = Elapsed time spent in this place.
 B = Non-inter-level travel time spent in this place.
 C = Inter-level travel time spent in this place.
 D = Time resting spent in this place.
 E = Time spent auto-exploring this place.
 F = Levels seen in this place.
 G = Mean time per level.
                   A        B        C        D        E       F      G
               +--------+--------+--------+--------+--------+-----+--------+
         Total |  40946 |  39408 |   1538 |  17493 |  15922 |  28 | 1462.4 |
       Dungeon |  21508 |  20610 |    898 |   8938 |   8437 |  15 | 1433.9 |
          Lair |   9818 |   9412 |    406 |   3574 |   4637 |   5 | 1963.6 |
  Orcish Mines |   4622 |   4490 |    132 |   3472 |    638 |   2 | 2311.0 |
   Elven Halls |   4208 |   4107 |    101 |   1286 |   1971 |   3 | 1402.7 |
         Sewer |    129 |    129 |      0 |      0 |     75 |   1 |  129.0 |
       Ossuary |    240 |    240 |      0 |     15 |    127 |   1 |  240.0 |
      Gauntlet |    418 |    418 |      0 |    206 |     35 |   1 |  418.0 |
               +--------+--------+--------+--------+--------+-----+--------+

Top non-repeatable levels by time:
     D:8: 3643 daAuts
   Orc:2: 3172 daAuts
     D:9: 2952 daAuts
  Lair:5: 2786 daAuts
  Lair:4: 2101 daAuts
  Lair:1: 1857 daAuts
    D:15: 1770 daAuts
  Lair:2: 1720 daAuts
     D:4: 1667 daAuts
   Elf:2: 1667 daAuts
   Orc:1: 1450 daAuts
    D:13: 1438 daAuts
   Elf:1: 1425 daAuts
  Lair:3: 1352 daAuts
     D:5: 1287 daAuts
